 Dungeon Crawl Stone Soup version 0.31.0-11-ge490571c62 (webtiles) character file.

Game seed: 8289214526931012964

18 greynaab the Magician (level 2, 0/16 HPs)
             Began as a Gargoyle Hedge Wizard on Jan 30, 2024.
             Frozen to death by an endoplasm (5 damage)
             ... on level 1 of the Dungeon.
             The game lasted 00:03:39 (843 turns).

greynaab the Magician (Gargoyle Hedge Wizard)        Turns: 843, Time: 00:03:40

Health: 0/16       AC:  5    Str: 13    XL:     2   Next: 66%
Magic:  5/6        EV: 11    Int: 14    God:
Gold:   46         SH:  0    Dex:  9    Spells: 4/7 levels left

rFire   . . .        a - +0 dagger
rCold   . . .        (no shield)
rNeg    + . .        b - +0 robe
rPois   ∞            j - +0 helmet
rElec   +            (no cloak)
rCorr   .            (no gloves)
SInv    .            (no boots)
Will    .....        (no amulet)
Stlth   ++           (no ring)
HPRegen 0.22/turn    (no ring)
MPRegen 0.10/turn

%: no passive effects
@: no status effects
A: sickness immunity, AC +2, negative energy resistance 1, electricity
resistance, torment resistance 1, petrification resistance
a: no special abilities


You were on level 1 of the Dungeon.
You visited 1 branch of the dungeon, and saw 2 of its levels.

You collected 46 gold pieces.

Inventory:

Hand Weapons
 a - a +0 dagger (weapon)
Armour
 b - a +0 robe (worn)
 j - a +0 helmet (worn)
Scrolls
 d - a scroll of identify
 f - a scroll of vulnerability
 g - a scroll of torment
 i - a scroll of revelation
Potions
 c - a potion of lignification {unknown}
 e - a potion of berserk rage {unknown}


   Skills:
 + Level 1.6 Fighting
 - Level 1.5 Dodging
 - Level 2.1 Stealth
 + Level 3.3 Spellcasting
 - Level 1.1 Conjurations
 - Level 0.8 Summonings
 - Level 0.8 Translocations


You had 4 spell levels left.
You knew the following spells:

 Your Spells              Type           Power      Damage    Failure   Level
a - Magic Dart            Conj           20%        1d4       13%         1
b - Blink                 Tloc           8%         N/A       22%         2

Your spell library contained the following spells:

 Spells                   Type           Power      Damage    Failure   Level
 Slow                     Hex            8%         N/A       21%         1
 Searing Ray              Conj           10%        2d4       21%         2
 Call Imp                 Summ           8%         N/A       22%         2
 Mephitic Cloud           Conj/Alch/Air  3%         N/A       47%         3
 Fulminant Prism          Conj/Alch      1%         3d5       86%         4
 Cigotuvi's Dreadful Rot  Necr/Alch/Air  Unusable   N/A       N/A         2

Dungeon Overview and Level Annotations

Branches:
Dungeon (2/15) Zot: 11155

Altars:


Innate Abilities, Weirdness & Mutations

You are immune to sickness and miasma.
Your stone body is resilient. (AC +2)
You are immune to poison.
You resist negative energy. (rN+)
You are resistant to electric shocks. (rElec)
You are resistant to unholy torment.
You are immune to petrification.


Message History

The ribbon worm barely misses you.
You hit the ribbon worm but do no damage.
The ribbon worm expels a string of sticky webbing.
The stream of webbing hits you but does no damage.
You are caught in a web!
The web tears apart.
The ribbon worm bites you.
* * * LOW HITPOINT WARNING * * *
Unknown command.
Casting: Magic Dart (safe; 13% risk of failure)
Confirm with . or Enter, or press ? or * to list all spells.
You blink.
Found 10 gold pieces.
Found 12 gold pieces.
You feel your willpower return.
You feel ready to blink again.
A goblin and a dart slug come into view.
Found a marble ring.
An endoplasm comes into view.
The endoplasm quivers.
You see here a scroll of identify.
d - a scroll of identify The endoplasm attacks as it pursues you!
The endoplasm closely misses you.
The endoplasm attacks as it pursues you!
The endoplasm hits you.
* * * LOW HITPOINT WARNING * * *
The endoplasm attacks as it pursues you!
The endoplasm closely misses you.
There is a stone staircase leading up here.
The endoplasm hits you.
* * * LOW HITPOINT WARNING * * *
You climb upwards.
There is a stone staircase leading down here.
Aiming: Magic Dart (safe; 13% risk of failure)
Press: ? - help, Q - select action, (/) - cycle Shift-Dir - straight line, f - endoplasm
Aim: an endoplasm (100% to hit)
The magic dart hits the endoplasm.
The endoplasm is moderately wounded.
The endoplasm freezes you.
You are frozen.
You die...

............# #.## #...##
######......########)#######...#
#..............>........###
##.....#.........########
##...##.........#
######.........# #.........#
#...J.....# #...@.....#
##.......## ##.....## #######


You could see an endoplasm.

Vanquished Creatures
  A bat (D:1)
  2 endoplasms (D:1)
  A giant cockroach (D:1)
  3 goblins (D:1)
  2 hobgoblins
  A quokka (D:1)
  3 frilled lizards (D:1)
  2 kobolds (D:1)
  A rat (D:1)
16 creatures vanquished.

Notes
Turn   | Place    | Note
-------+----------+-------------------------------------------
     0 | D:1      | greynaab the Gargoyle Hedge Wizard began the quest for the
                  | Orb.
     0 | D:1      | Reached XP level 1. HP: 10/10 MP: 4/4
   198 | D:1      | Reached skill level 1 in Fighting
   198 | D:1      | Reached XP level 2. HP: 16/16 MP: 3/6
   723 | D:1      | Learned a level 2 spell: Blink
   843 | D:1      | Frozen to death by an endoplasm

Illustrated notes

Levels and vault maps discovered:
D:1:      reono_arrival_mine, layout_rooms
D:2:      layout_rooms, serial_shops, nicolae_shop_just_a_little_nook,
          minmay_distorted

Skill      XL: |  1 |
---------------+----+-----
Fighting       | 1 |  1.6
Dodging        | |  1.5
Stealth        | |  2.1
Spellcasting   | |  3.3
Conjurations   | |  1.1
Summonings     | |  0.8
Translocations | |  0.8

Action                     || total
---------------------------++-------
  Melee: Dagger            ||    49
         Punch             ||     1
   Cast: Magic Dart        ||    45
         Blink             ||     1
    Use: Scroll            ||     3
         Potion            ||     1
 Armour: Robe              ||    43
  Dodge: Dodged            ||    30
